MLB
CINCINNATI REDS @ WASHINGTON NATIONALS
06/04/2048
 
TOP OF THE 1ST
Cincinnati Reds batting - Pitching for Washington Nationals : RHP Danny Diaz
Pitching: RHP Danny Diaz
Batting: SHB Tony Prado 0-0: Ball
1-0: Ball
2-0: Foul Ball, location: 2F
2-1: Foul Ball, location: 2F
2-2: Ball
3-2: Fly out, F8 (Flyball, 8RD, EV 90.6 MPH)
Batting: RHB Steve Castleberry 0-0: Swinging Strike
0-1: Foul Ball, location: 2F
0-2: Hit by Pitch
Batting: SHB Jun Tsuda 0-0: Ball
1-0: Ball
2-0: Swinging Strike
2-1: Foul Ball, location: 2F
2-2: SINGLE (Flyball, 89S, EV 98.8 MPH)
Steve Castleberry to second
Runner from 2nd tries for 3rd, SAFE, throw by RF made to third
Batting: LHB Chris Grunwald 0-0: Ball
1-0: Ball
2-0: Called Strike
2-1: Ball
3-1: Base on Balls
Jun Tsuda to second
Batting: SHB Saulo Maina 0-0: Foul Ball, location: 2F
0-1: SINGLE (Groundball, 5L, EV 96.2 MPH)
Steve Castleberry scores
Jun Tsuda to third
Chris Grunwald to second
Runner from 3rd tries for Home, SAFE, throw by LF to home
Batting: RHB Willie Lazcano 0-0: Ball
1-0: Swinging Strike
1-1: DOUBLE (Line Drive, 9LD, EV 104.4 MPH)
Chris Grunwald scores
Saulo Maina to third
Runner from 3rd tries for Home, throw by RF and OUT! 9-4-2
Batting: LHB Jon Ledesma 0-0: Swinging Strike
0-1: Foul Ball, location: 2F
0-2: Foul Ball, location: 2F
0-2: Strikes out swinging
Top of the 1st over - 3 runs, 3 hits, 0 errors, 1 left on base; Cincinnati 3 - Washington 0
BOTTOM OF THE 1ST
Washington Nationals batting - Pitching for Cincinnati Reds : RHP André Gaillard
Pitching: RHP André Gaillard
Batting: LHB Bi-jun Chien 0-0: Foul Ball, location: 2F
0-1: Ball
1-1: Ball
2-1: Ground out 3-1 (Groundball, 34S, EV 66.9 MPH)
Batting: RHB Dave Vargas 0-0: Called Strike
0-1: Ball
1-1: TRIPLE (Flyball, 89XD, EV 105.0 MPH)
Batting: LHB Seth Cook 0-0: Ball
1-0: Ball
2-0: Ball
3-0: Called Strike
3-1: Base on Balls
Batting: RHB John Sanders 0-0: Called Strike
0-1: SINGLE (Groundball, 6MD, EV 106.9 MPH)
Dave Vargas scores
Seth Cook to second
Runner from 2nd tries for 3rd, SAFE, throw by CF made to third
John Sanders to second
Batting: LHB Jeff Luvisi 0-0: Called Strike
0-1: Called Strike
0-2: Ball
1-2: Ball
2-2: Fly out, F7 (Line Drive, 7LM, EV 105.6 MPH)
Runner from 3rd tags up, SCORES, throw by LF
John Sanders to third
Batting: LHB Emmanuel Gaskin 0-0: Called Strike
0-1: Ball
1-1: Ball
2-1: 2-RUN HOME RUN (Flyball, 9D, EV 102.5 MPH), Distance : 377 ft
Batting: LHB Bob Melley 0-0: Called Strike
0-1: DOUBLE (Line Drive, 78XD, EV 104.4 MPH)
Batting: RHB Hisayuki Akiyama 0-0: Called Strike
0-1: Ball
1-1: Foul Ball, location: 2F
1-2: Ball
2-2: Strikes out swinging
Bottom of the 1st over - 4 runs, 4 hits, 0 errors, 1 left on base; Cincinnati 3 - Washington 4
TOP OF THE 2ND
Cincinnati Reds batting - Pitching for Washington Nationals : RHP Danny Diaz
Batting: LHB Antonio Figueroa 0-0: Called Strike
0-1: Swinging Strike
0-2: Strikes out swinging
Batting: RHB Takanibu Kaneshiro 0-0: Called Strike
0-1: Swinging Strike
0-2: Ball
1-2: Ball
2-2: Foul Ball, location: 2F
2-2: Strikes out swinging
Batting: SHB Tony Prado 0-0: Foul Ball, location: 2F
0-1: DOUBLE (Line Drive, 89D, EV 103.8 MPH)
Batting: RHB Steve Castleberry 0-0: TRIPLE (Line Drive, 8RXD, EV 103.8 MPH)
Tony Prado scores
Batting: SHB Jun Tsuda 0-0: Swinging Strike
0-1: Foul Ball, location: 2F
0-2: Foul Ball, location: 2F
0-2: Ground out 4-3 (Groundball, 4, EV 108.1 MPH)
Top of the 2nd over - 1 run, 2 hits, 0 errors, 1 left on base; Cincinnati 4 - Washington 4
BOTTOM OF THE 2ND
Washington Nationals batting - Pitching for Cincinnati Reds : RHP André Gaillard
Batting: RHB Darren McCarty Jr. 0-0: Ball
1-0: Bunt for hit to 23 - play at first, batter OUT! 3-4
Batting: LHB Bi-jun Chien 0-0: Called Strike
0-1: Foul Ball, location: 2F
0-2: Foul Ball, location: 2F
0-2: Foul Ball, location: 2F
0-2: Strikes out looking
Batting: RHB Dave Vargas 0-0: Called Strike
0-1: SINGLE (Line Drive, 8RS, EV 101.2 MPH)
Batting: LHB Seth Cook 0-0: Ball
1-0: Called Strike
1-1: Called Strike
1-2: Ground out 4-3 (Groundball, 4, EV 97.5 MPH)
Bottom of the 2nd over - 0 runs, 1 hit, 0 errors, 1 left on base; Cincinnati 4 - Washington 4
TOP OF THE 3RD
Cincinnati Reds batting - Pitching for Washington Nationals : RHP Danny Diaz
Batting: LHB Chris Grunwald 0-0: Foul Ball, location: 2F
0-1: Ball
1-1: Foul Ball, location: 2F
1-2: Ball
2-2: Ball
3-2: Foul Ball, location: 2F
3-2: Ground out 4-3 (Groundball, 4, EV 88.8 MPH)
Batting: SHB Saulo Maina 0-0: Ball
1-0: Called Strike
1-1: Ball
2-1: Fly out, F7 (Flyball, 7D, EV 97.5 MPH)
Batting: RHB Willie Lazcano 0-0: Called Strike
0-1: Foul Ball, location: 2F
0-2: Strikes out swinging
Top of the 3rd over - 0 runs, 0 hits, 0 errors, 0 left on base; Cincinnati 4 - Washington 4
BOTTOM OF THE 3RD
Washington Nationals batting - Pitching for Cincinnati Reds : RHP André Gaillard
Batting: RHB John Sanders 0-0: Called Strike
0-1: Fly out, F9 (Line Drive, 9LM, EV 106.2 MPH)
Batting: LHB Jeff Luvisi 0-0: Ground out 6-3 (Groundball, 6, EV 106.9 MPH)
Batting: LHB Emmanuel Gaskin 0-0: Ball
1-0: Foul Ball, location: 2F
1-1: Ball
2-1: SINGLE (Line Drive, 89S, EV 106.2 MPH)
Batting: LHB Bob Melley 0-0: Called Strike
0-1: Fielders Choice at 2nd, 5-4 (Groundball, 56, EV 83.8 MPH)
Bottom of the 3rd over - 0 runs, 1 hit, 0 errors, 1 left on base; Cincinnati 4 - Washington 4
TOP OF THE 4TH
Cincinnati Reds batting - Pitching for Washington Nationals : RHP Danny Diaz
Batting: LHB Jon Ledesma 0-0: Ball
1-0: DOUBLE (Groundball, 3L, EV 109.4 MPH)
Batting: LHB Antonio Figueroa 0-0: Ball
1-0: Called Strike
1-1: Called Strike
1-2: Ball
2-2: Strikes out swinging
Batting: RHB Takanibu Kaneshiro 0-0: Ball
1-0: Called Strike
1-1: Ground out 5-3 (Groundball, 56S, EV 86.2 MPH)
Batting: SHB Tony Prado 0-0: Ball
1-0: Ball
2-0: Called Strike
2-1: Foul Ball, location: 2F
2-2: Ball
3-2: Foul Ball, location: 2F
3-2: Ground out 5-3 (Groundball, 56S, EV 92.5 MPH)
Top of the 4th over - 0 runs, 1 hit, 0 errors, 1 left on base; Cincinnati 4 - Washington 4
BOTTOM OF THE 4TH
Washington Nationals batting - Pitching for Cincinnati Reds : RHP André Gaillard
Batting: RHB Hisayuki Akiyama 0-0: Ball
1-0: Called Strike
1-1: Foul Ball, location: 2F
1-2: Ground out 1-3 (Groundball, 13S, EV 70.0 MPH)
Batting: RHB Darren McCarty Jr. 0-0: Swinging Strike
0-1: Ball
1-1: DOUBLE (Flyball, 8LXD, EV 107.5 MPH)
Batting: LHB Bi-jun Chien 0-0: Ball
1-0: Ball
2-0: Ground out 1-3 (Groundball, 25, EV 64.4 MPH)
Batting: RHB Dave Vargas 0-0: Ball
1-0: Ball
2-0: Ball
3-0: Ground out 5-3 (Groundball, 5, EV 88.8 MPH)
Bottom of the 4th over - 0 runs, 1 hit, 0 errors, 1 left on base; Cincinnati 4 - Washington 4
TOP OF THE 5TH
Cincinnati Reds batting - Pitching for Washington Nationals : RHP Danny Diaz
Batting: RHB Steve Castleberry 0-0: Ball
1-0: Called Strike
1-1: Ball
2-1: Foul Ball, location: 2F
2-2: Ball
3-2: Ground out 4-3 (Groundball, 4, EV 105.6 MPH)
Batting: SHB Jun Tsuda 0-0: Ball
1-0: Ball
2-0: Foul Ball, location: 2F
2-1: Foul Ball, location: 2F
2-2: Ground out 5-3 (Groundball, 6, EV 83.8 MPH)
Batting: LHB Chris Grunwald 0-0: Ball
1-0: Foul Ball, location: 2F
1-1: Ground out U3 (Groundball, 3S, EV 83.1 MPH)
Top of the 5th over - 0 runs, 0 hits, 0 errors, 0 left on base; Cincinnati 4 - Washington 4
BOTTOM OF THE 5TH
Washington Nationals batting - Pitching for Cincinnati Reds : RHP André Gaillard
Batting: LHB Seth Cook 0-0: Ball
1-0: Ball
2-0: Ball
3-0: Base on Balls
Batting: RHB John Sanders 0-0: Swinging Strike
Seth Cook steals 2nd base (no throw)
0-1: Ball
1-1: Foul Ball, location: 2F
1-2: Foul Ball, location: 2F
1-2: Fly out, F9 (Flyball, 9, EV 81.2 MPH)
Batting: LHB Jeff Luvisi 0-0: Ball
1-0: Ball
2-0: Foul Ball, location: 2F
2-1: Ball
3-1: Base on Balls
Batting: LHB Emmanuel Gaskin 0-0: Ball
1-0: Ball
2-0: Called Strike
2-1: SINGLE (Groundball, 34D, EV 98.1 MPH)
Seth Cook to third
Jeff Luvisi to second
Runner from 3rd tries for Home, SAFE, throw by RF to home
Pitching: RHP Matt Flink
Batting: LHB Bob Melley 0-0: Ball
Jeff Luvisi is caught stealing 3rd base 2-5
1-0: Called Strike
1-1: Foul Ball, location: 2F
1-2: Ball
2-2: Foul Ball, location: 2F
2-2: Ball
3-2: Strikes out looking
Bottom of the 5th over - 1 run, 1 hit, 0 errors, 1 left on base; Cincinnati 4 - Washington 5
TOP OF THE 6TH
Cincinnati Reds batting - Pitching for Washington Nationals : RHP Danny Diaz
Batting: SHB Saulo Maina 0-0: Ball
1-0: SOLO HOME RUN (Flyball, 9D, EV 99.4 MPH), Distance : 376 ft
Pitching: RHP Lionardo Rabelo
Batting: RHB Willie Lazcano 0-0: Ball
1-0: Ball
2-0: Hit by Pitch
Batting: LHB Jon Ledesma 0-0: Single, Error in OF, E7, batter to second base (Line Drive, 56, EV 96.9 MPH)
Willie Lazcano to third
Batting: LHB Antonio Figueroa 0-0: Intentional Walk
Batting: RHB Takanibu Kaneshiro 0-0: Foul Ball, location: 2F
0-1: Hit by Pitch
Willie Lazcano scores
Jon Ledesma to third
Antonio Figueroa to second
Batting: SHB Tony Prado 0-0: Fly out, F7 (Flyball, 78S, EV 89.4 MPH)
Batting: RHB Steve Castleberry 0-0: Ball
1-0: Foul Ball, location: 2F
1-1: Called Strike
1-2: Ball
2-2: Strikes out swinging
Batting: SHB Jun Tsuda 0-0: Called Strike
0-1: Ball
1-1: Ground out U3 (Groundball, 3, EV 103.1 MPH)
Top of the 6th over - 2 runs, 2 hits, 1 error, 3 left on base; Cincinnati 6 - Washington 5
BOTTOM OF THE 6TH
Washington Nationals batting - Pitching for Cincinnati Reds : RHP Matt Flink
Pinch Hitting: SHB Mark Rennie 0-0: Ball
1-0: Fly out, F9 (Line Drive, 9S, EV 86.2 MPH)
Batting: RHB Darren McCarty Jr. 0-0: Ground out 5-3 (Groundball, 25, EV 63.1 MPH)
Batting: LHB Bi-jun Chien 0-0: Ball
1-0: Fly out, F9 (Line Drive, 9, EV 96.9 MPH)
Bottom of the 6th over - 0 runs, 0 hits, 0 errors, 0 left on base; Cincinnati 6 - Washington 5
TOP OF THE 7TH
Cincinnati Reds batting - Pitching for Washington Nationals : RHP Lionardo Rabelo
Now at 3B: Justin Bonner
Now at SS: Darren McCarty Jr.
Batting: LHB Chris Grunwald 0-0: Ball
1-0: Ball
2-0: Foul Ball, location: 2F
2-1: Foul Ball, location: 2F
2-2: Strikes out swinging
Batting: SHB Saulo Maina 0-0: Ground out 6-3 (Groundball, 4M, EV 75.6 MPH)
Batting: RHB Willie Lazcano 0-0: Called Strike
0-1: Foul Ball, location: 2F
0-2: Strikes out swinging
Top of the 7th over - 0 runs, 0 hits, 0 errors, 0 left on base; Cincinnati 6 - Washington 5
BOTTOM OF THE 7TH
Washington Nationals batting - Pitching for Cincinnati Reds : RHP Matt Flink
Batting: RHB Dave Vargas 0-0: Ball
1-0: Ground out 6-3 (Groundball, 6, EV 85.0 MPH)
Batting: LHB Seth Cook 0-0: Ball
1-0: Ball
2-0: Foul Ball, location: 2F
2-1: Called Strike
2-2: Foul Ball, location: 2F
2-2: Ball
3-2: Foul Ball, location: 2F
3-2: DOUBLE (Line Drive, 7LS, EV 89.4 MPH)
Batting: RHB John Sanders 0-0: Called Strike
0-1: Ball
1-1: Foul Ball, location: 2F
1-2: Foul Ball, location: 2F
1-2: Ball
2-2: Ball
3-2: Foul Ball, location: 2F
3-2: Fly out, F4 (Line Drive, 4, EV 70.6 MPH)
Lined into DP, 4-6 (Line Drive, 4, EV 62.5 MPH)
Bottom of the 7th over - 0 runs, 1 hit, 0 errors, 0 left on base; Cincinnati 6 - Washington 5
TOP OF THE 8TH
Cincinnati Reds batting - Pitching for Washington Nationals : RHP Lionardo Rabelo
Batting: LHB Jon Ledesma 0-0: Foul Ball, location: 2F
0-1: Ball
1-1: Ground out 4-3 (Groundball, 4S, EV 90.0 MPH)
Batting: LHB Antonio Figueroa 0-0: Ball
1-0: Foul Ball, location: 2F
1-1: Foul Ball, location: 2F
1-2: Ball
2-2: SOLO HOME RUN (Flyball, 9D, EV 93.8 MPH), Distance : 371 ft
Batting: RHB Takanibu Kaneshiro 0-0: Swinging Strike
0-1: Swinging Strike
0-2: Strikes out swinging
Batting: SHB Tony Prado 0-0: Ball
1-0: Swinging Strike
1-1: SINGLE (Flyball, 34D, EV 97.5 MPH)
Batting: RHB Steve Castleberry 0-0: Foul Ball, location: 2F
0-1: Ball
1-1: DOUBLE (Line Drive, 89XD, EV 100.6 MPH)
Tony Prado to third
Runner from 3rd tries for Home, SAFE, throw by CF to trailing runner, SAFE at third!
Pitching: RHP Caleb Westbay
Batting: SHB Jun Tsuda 0-0: Foul Ball, location: 2F
0-1: Called Strike
0-2: Ball
1-2: Foul Ball, location: 2F
1-2: Ball
2-2: Ground out 4-3 (Groundball, 4, EV 91.2 MPH)
Top of the 8th over - 2 runs, 3 hits, 0 errors, 1 left on base; Cincinnati 8 - Washington 5
BOTTOM OF THE 8TH
Washington Nationals batting - Pitching for Cincinnati Reds : RHP Matt Flink
Pitching: RHP Ryan Terlizzi
Batting: LHB Jeff Luvisi 0-0: Ground out 3-1 (Groundball, 34, EV 80.6 MPH)
Batting: LHB Emmanuel Gaskin 0-0: Called Strike
0-1: Ground out U3 (Groundball, 3L, EV 103.1 MPH)
Batting: LHB Bob Melley 0-0: Ball
1-0: Called Strike
1-1: Ball
2-1: Foul Ball, location: 2F
2-2: Ground out 6-3 (Groundball, 6M, EV 83.1 MPH)
Bottom of the 8th over - 0 runs, 0 hits, 0 errors, 0 left on base; Cincinnati 8 - Washington 5
TOP OF THE 9TH
Cincinnati Reds batting - Pitching for Washington Nationals : RHP Caleb Westbay
Batting: LHB Chris Grunwald 0-0: Foul Ball, location: 2F
0-1: Foul Ball, location: 2F
0-2: Foul Ball, location: 2F
0-2: Fly out, F8 (Flyball, 8RXD, EV 106.2 MPH)
Batting: SHB Saulo Maina 0-0: Foul Ball, location: 2F
0-1: Foul Ball, location: 2F
0-2: Ball
1-2: SINGLE (Groundball, 4MD, EV 95.6 MPH)
Batting: RHB Willie Lazcano 0-0: Ball
1-0: Ball
2-0: Ball
3-0: Base on Balls
Saulo Maina to second
DELAY Rain delay of 8 minutes in the 9th inning.
Batting: LHB Jon Ledesma 0-0: Fly out, F8 (Flyball, 8RD, EV 99.4 MPH)
Batting: LHB Antonio Figueroa 0-0: Called Strike
0-1: Ball
1-1: DOUBLE (Line Drive, 7LD, EV 98.8 MPH)
Saulo Maina scores
Willie Lazcano to third
Runner from 3rd tries for Home, throw by LF and OUT! 7-6-2
Top of the 9th over - 1 run, 2 hits, 0 errors, 1 left on base; Cincinnati 9 - Washington 5
BOTTOM OF THE 9TH
Washington Nationals batting - Pitching for Cincinnati Reds : RHP Ryan Terlizzi
Pitching: RHP Junpei Yamazaki
Batting: RHB Justin Bonner 0-0: Ground out 6-3 (Groundball, 6, EV 80.0 MPH)
Batting: RHB Darren McCarty Jr. 0-0: Ball
1-0: Foul Ball, location: 2F
1-1: Foul Ball, location: 2F
1-2: SINGLE (Groundball, 6MD, EV 101.2 MPH)
Batting: LHB Bi-jun Chien 0-0: Ball
1-0: Swinging Strike
1-1: Swinging Strike
1-2: Ball
2-2: Foul Ball, location: 2F
2-2: Strikes out swinging
Batting: RHB Dave Vargas 0-0: Ball
1-0: Ball
2-0: Called Strike
2-1: Ball
3-1: Base on Balls
Darren McCarty Jr. to second
Batting: LHB Seth Cook 0-0: Called Strike
0-1: 3-RUN HOME RUN (Line Drive, 89XD, EV 99.4 MPH), Distance : 409 ft
Batting: RHB John Sanders 0-0: Ball
1-0: Called Strike
1-1: Ball
2-1: Ball
3-1: DOUBLE (Line Drive, 9LS, EV 96.2 MPH)
Batting: LHB Jeff Luvisi 0-0: Ground out 6-3 (Groundball, 6, EV 86.2 MPH)
Bottom of the 9th over - 3 runs, 3 hits, 0 errors, 1 left on base; Cincinnati 9 - Washington 8
Tuesday, March 28th , 2023 - OOTP Baseball 23.10 Build 110